 Dungeon Crawl Stone Soup version 0.31-a0-232-gb1c03b2570 (webtiles) character file.

Game seed: 4067061267549544784

96 qw the Shooter (level 4, -1/26 HPs)
             Began as a Gargoyle Hexslinger on July 7, 2023.
             Slain by an orc
             ... wielding a +0 whip
              (5 damage)
             ... on level 3 of the Dungeon.
             The game lasted 00:00:35 (1552 turns).

qw the Shooter (Gargoyle Hexslinger)                Turns: 1552, Time: 00:00:35

Health: -1/26      AC:  9    Str: 12    XL:     4   Next: 67%
Magic:  5/5        EV: 10    Int: 13    God:
Gold:   144        SH:  0    Dex: 14    Spells: 4/5 levels left

rFire   . . .        Y - +3 sling
rCold   . . .        (no shield)
rNeg    + . .        l - +0 ring mail
rPois   inf          (no helmet)
rElec   +            (no cloak)
rCorr   .            f - +0 pair of gloves
SInv    .            (no boots)
Will    .....        (no amulet)
Stlth   +            (no ring)
HPRegen 0.24/turn    (no ring)
MPRegen 0.09/turn

%: no passive effects
@: no status effects
A: sickness immunity, AC +3, negative energy resistance 1, electricity
resistance, torment resistance 1, petrification resistance
a: no special abilities


You were on level 3 of the Dungeon.
You visited 1 branch of the dungeon, and saw 3 of its levels.

You collected 144 gold pieces.


Innate Abilities, Weirdness & Mutations

You are immune to sickness and miasma.
Your stone body is resilient. (AC +3)
You are immune to poison.
You resist negative energy. (rN+)
You are resistant to electric shocks. (rElec)
You are resistant to unholy torment.
You are immune to petrification.


   Skills:
 - Level 2.0 Fighting
 + Level 4.2 Ranged Weapons
 - Level 1.1 Armour
 - Level 1.5 Dodging
 - Level 1.0 Spellcasting
 - Level 2.6 Hexes


You had 4 spell levels left.
You knew the following spells:

 Your Spells              Type           Power      Damage    Failure   Level
a - Slow                  Hex            28%        N/A       22%         1

Your spell library contained the following spells:

 Spells                   Type           Power      Damage    Failure   Level
 Inner Flame              Hex/Fire       4%         N/A       73%         3
 Portal Projectile        Hex/Tloc       8%         N/A       73%         3
 Cause Fear               Hex            3%         N/A       91%         4

Inventory:

Hand Weapons
 Y - a +3 sling (weapon)
Armour
 f - a +0 pair of gloves (worn)
 l - a +0 ring mail (worn)
Scrolls
 a - a scroll of identify
Potions
 d - 2 potions of resistance {unknown}
 g - 2 potions of curing
 i - a potion of haste {unknown}

Dungeon Overview and Level Annotations

Branches:
Dungeon (3/15)

Altars:


Message History

You shoot a sling bullet.
The sling bullet barely misses the orc wizard.
The orc barely misses you.
The orc wizard hits you with a +0 vampiric dagger.
You shoot a sling bullet.
The sling bullet closely misses the orc wizard.
The orc wizard hits you but does no damage.
The orc hits you with a +0 whip.
You shoot a sling bullet.
The sling bullet barely misses the orc wizard.
The orc wizard hits you but does no damage.
The orc hits you with a +0 whip.
You shoot a sling bullet.
The sling bullet hits the orc wizard but does no damage.
The orc wizard hits you but does no damage.
The orc hits you but does no damage. The orc wizard casts a spell at you.
You resist with some effort. The orc hits you but does no damage.
You shoot a sling bullet.
The sling bullet hits the orc wizard but does no damage.
The orc barely misses you.
The orc wizard hits you but does no damage.
You shoot a sling bullet.
The sling bullet closely misses the orc wizard.
The orc wizard hits you with a +0 vampiric dagger.
The orc barely misses you.
You shoot a sling bullet. The sling bullet hits the orc wizard.
The orc wizard is lightly wounded.
The orc wizard hits you but does no damage.
The orc closely misses you.
You shoot a sling bullet. The sling bullet hits the orc wizard.
The orc wizard is moderately wounded.
The orc wizard gestures at you while chanting.
The magic dart hits you. The orc hits you but does no damage. x2
The orc wizard hits you but does no damage.
You shoot a sling bullet. The sling bullet hits the orc wizard.
The orc wizard is heavily wounded.
The orc wizard hits you with a +0 vampiric dagger.
The orc hits you with a +0 whip.
You die...

# #.# .#. ### #.#
.#.. ..# #.# ...#
#.#########.#
)....#.#.........#
#. #.#.#.#########
#o #.....#
#o####.###
#o@....# ########


You could see an orc wizard and 2 orcs.

Vanquished Creatures
  An orc priest (D:3)
  3 adders
  A worm (D:2)
  2 orcs (D:3)
  3 endoplasms
  2 giant cockroaches (D:1)
  4 hobgoblins
  4 kobolds
  2 quokkas (D:1)
  2 ball pythons (D:1)
  5 bats
  2 frilled lizards
  2 goblins (D:2)
  4 rats (D:1)
37 creatures vanquished.

Notes
Turn   | Place    | Note
-------+----------+-------------------------------------------
     0 | D:1      | qw the Gargoyle Hexslinger began the quest for the Orb.
     0 | D:1      | Reached XP level 1. HP: 12/12 MP: 2/2
     0 | D:1      | 0 ||| qw: Version: 0.3-a-46-gb1f654a
     0 | D:1      | 0 ||| qw: Game counter: 2162
     0 | D:1      | 0 ||| qw: Melee chars always use a shield: true
     0 | D:1      | 0 ||| qw: God list: Okawaru
     0 | D:1      | 0 ||| qw: Allow faded altars: false
     0 | D:1      | 0 ||| qw: Do Orc after clearing Dungeon:15 true
     0 | D:1      | 0 ||| qw: Do second Lair branch before Depths: true
     0 | D:1      | 0 ||| qw: Lair rune preference: random
     0 | D:1      | 0 ||| qw: Goals: Normal
     0 | D:1      | 0 ||| PLANNING D:1-11
   198 | D:1      | Noticed an eye of devastation
   199 | D:1      | Found a faded altar of an unknown god.
   206 | D:1      | Noticed a golden eye
   210 | D:1      | Noticed a shining eye
   210 | D:1      | Noticed a great orb of eyes
   286 | D:1      | Reached XP level 2. HP: 13/16 MP: 3/3
   498 | D:1      | Reached skill level 3 in Ranged Weapons
   834 | D:1      | 834 ||| UPGRADING to +0 pair of gloves.
   839 | D:1      | 839 ||| UPGRADING to +0 ring mail.
   849 | D:1      | 849 ||| DROPPING +0 robe.
   850 | D:1      | 850 ||| DROPPING +0 leather armour.
   851 | D:1      | 851 ||| READING 2 scrolls labelled DOUGOMAATH.
   852 | D:1      | 852 ||| READING scroll of enchant weapon.
   852 | D:1      | 852 ||| ENCHANTING +2 sling.
   853 | D:1      | 853 ||| READING scroll labelled XAASMA FEQEI.
   854 | D:1      | 854 ||| READING scroll labelled UCENUA SUNN.
   858 | D:1      | 858 ||| READING scroll labelled JYCAUCKAEF.
   859 | D:1      | 859 ||| DRINKING 3 sedimented yellow potions.
   860 | D:1      | 860 ||| DROPPING scroll of poison.
   918 | D:2      | 918 ||| STAIRDANCE
  1027 | D:2      | Reached XP level 3. HP: 21/21 MP: 4/4
  1045 | D:2      | 1045 ||| STAIRDANCE
  1051 | D:1      | Reached skill level 1 in Armour
  1401 | D:2      | 1401 ||| READING scroll labelled RIROFE FATA.
  1402 | D:2      | 1402 ||| READING scroll labelled APHO MAWAAZY.
  1500 | D:3      | Reached XP level 4. HP: 22/26 MP: 5/5
  1533 | D:3      | 1533 ||| Stepping ~*~*~tactically~*~*~ (outnumbered).
  1540 | D:3      | Reached skill level 4 in Ranged Weapons
  1549 | D:3      | HP: 6/26 [orc wizard/+0 vampiric dagger (3)]
  1552 | D:3      | Slain by an orc

Levels and vault maps discovered:
D:1:      tarquinn_simple_flora_water_f, layout_loops_corners,
          hellmonk_ecumenical_altar_watching_god, minmay_tromino_i2
D:2:      layout_rooms
D:3:      minmay_skewed_foursquare, layout_loops_cross,
          mainiacjoe_overflow_tiny_flanked, gammafunk_ghost_split

Skill      XL: |  1  2  3  4 |
---------------+-------------+-----
Ranged Weapons | 3 4 |  4.2
Fighting       | 2 |  2.0
Armour         | 1 |  1.1
Dodging        | |  1.5
Spellcasting   | |  1.0
Hexes          | |  2.6

Action                     |  1- 3 |  4- 6 || total
---------------------------+-------+-------++-------
   Fire: Sling             |   117 |    18 ||   135
    Use: Scroll            |     7 |       ||     7
         Potion            |     1 |       ||     1
 Armour: Robe              |    10 |       ||    10
         Ring mail         |    23 |    13 ||    36
  Dodge: Dodged            |    47 |     6 ||    53

Table legend:
 A = Non-vault XP
 B = Vault XP
 C = Vault XP percentage of total XP
 D = Non-vault monster count
 E = Vault monster count
 F = Vault count percentage of total count
                 A         B        C        D         E       F
            +---------+---------+-------+---------+---------+-------
      Total |     135 |       3 |   2.2 |      35 |       2 |   5.4
            +---------+---------+-------+---------+---------+-------
        D:1 |      35 |       3 |   7.9 |      16 |       2 |  11.1
        D:2 |      34 |       0 |   0.0 |      12 |       0 |   0.0
        D:3 |      66 |       0 |   0.0 |       7 |       0 |   0.0
            +---------+---------+-------+---------+---------+-------
